Map: Abyssal Reef LE

Players

Neeb - Winner!

  • Race: Protoss Protoss
  • Spawn Location: 5:00

MaNa

  • Race: Protoss Protoss
  • Spawn Location: 11:00

Event: WCS Montreal 2017

VOD

Have the link to the VOD?

Description

Time

  • Played on: Sept. 8, 2017, 6:47 p.m.
  • Length: 12:39

All games in this series

Show
View Real Time Build Order
Export as new Build Order

Neeb Protoss - Winner!

Build Orders: Zealot Archon 

Get SALT Encoding   

  12  0:00  Probe (Chrono Boost)  
  13  0:11  Probe (Chrono Boost)  
  14  0:17  Pylon  
  14  0:21  Probe (Chrono Boost)  
  15  0:36  Probe (Chrono Boost), Gateway  
  16  0:44  Assimilator  
  16  0:46  Probe (Chrono Boost)  
  17  0:52  Assimilator  
  18  0:57  Probe (Chrono Boost)  
  18  1:05  Gateway  
  18  1:07  Probe (Chrono Boost)  
  19  1:18  Probe (Chrono Boost)  
  20  1:23  Cybernetics Core  
  20  1:28  Probe (Chrono Boost)  
  21  1:33  Pylon  
  21  1:39  Probe (Chrono Boost)  
  22  1:49  Probe (Chrono Boost)  
  23  2:00  Probe (Chrono Boost)  
  24  2:04  Warp Gate (Chrono Boost)  
  24  2:06  Stalker x2  
  28  2:13  Mothership Core  
  30  2:17  Pylon  
  30  2:37  Stalker x2  
  34  2:59  Nexus  
  34  3:01  Probe  
  35  3:08  Sentry  
  37  3:13  Probe  
  37  3:19  Robotics Facility  
  38  3:25  Probe  
  39  3:28  Pylon  
  39  3:38  Twilight Council  
  39  3:47  Probe (Chrono Boost)  
  40  3:53  Sentry  
  42  3:57  Probe (Chrono Boost)  
  43  4:08  Probe (Chrono Boost), Observer  
  45  4:11  Probe (Chrono Boost)  
  45  4:15  Blink (Chrono Boost)  
  46  4:18  Probe  
  46  4:20  Probe  
  48  4:30  Probe  
  48  4:31  Probe, Nexus  
  49  4:36  Pylon  
  50  4:41  Probe  
  50  4:42  Probe, Sentry  
  54  4:53  Gateway  
  54  4:54  Gateway  
  54  4:56  Probe x2  
  56  5:03  Assimilator  
  56  5:06  Probe  
  56  5:08  Probe, Assimilator  
  56  5:12  Forge  
  58  5:18  Probe, Forge  
  59  5:21  Probe  
  60  5:29  Immortal (Chrono Boost)  
  60  5:30  Probe  
  60  5:33  Probe  
  66  5:38  Pylon  
  66  5:43  Probe  
  66  5:45  Probe  
  66  5:47  Sentry  
  70  5:53  Probe  
  70  5:54  Protoss Ground Weapons Level 1 (Chrono Boost), Protoss Ground Armor Level 1 (Chrono Boost)  
  70  5:56  Probe  
  72  5:58  Probe  
  73  6:05  Probe  
  73  6:08  Probe  
  73  6:09  Gateway x2  
  73  6:10  Probe  
  76  6:15  Gateway  
  76  6:17  Charge, Gateway  
  76  6:21  Templar Archives  
  76  6:24  Probe  
  76  6:25  Probe x2  
  79  6:34  Immortal  
  79  6:37  Probe x2  
  79  6:39  Probe  
  86  6:42  Pylon  
  86  6:46  Pylon  
  86  6:48  Pylon  
  86  6:55  Probe x2, Pylon  
  86  6:56  Probe  
  89  7:05  Nexus  
  89  7:08  Probe  
  89  7:09  Probe x2  
  89  7:10  Pylon  
  89  7:14  Immortal  
  96  7:21  Probe  
  97  7:23  Gateway  
  97  7:25  Gateway  
  97  7:26  Probe, Assimilator x2  
  97  7:28  Protoss Ground Weapons Level 2 (Chrono Boost), High Templar x2, Protoss Ground Armor Level 2 (Chrono Boost)  
  102  7:33  Archon  
  102  7:38  Probe x2  
  102  7:43  Gateway x2  
  104  7:46  Probe  
  104  7:50  Probe x2  
  107  7:51  Pylon  
  107  7:56  Assimilator  
  108  7:58  Probe  
  108  8:00  Warp Prism (Chrono Boost)  
  108  8:01  Assimilator  
  108  8:02  Probe x2  
  112  8:08  Dark Shrine  
  112  8:18  Gateway x2  
  112  8:22  Pylon  
  112  8:26  Photon Cannon  
  112  8:28  High Templar x4  
  112  8:30  Zealot x4  
  112  8:33  Photon Cannon, Archon x2  
  128  8:37  Observer (Chrono Boost), Pylon  
  129  8:55  Stargate  
  129  9:01  Zealot x10  
  149  9:19  Protoss Ground Weapons Level 3  
  149  9:20  Protoss Ground Armor Level 3, Observer (Chrono Boost)  
  149  9:21  Dark Templar x2  
  149  9:22  Dark Templar x2  
  158  9:25  Nexus  
  158  9:40  Fleet Beacon  
  154  9:56  Oracle  
  154  9:58  High Templar x3  
  163  10:04  Assimilator  
  163  10:06  Assimilator  
  163  10:10  Pylon  
  163  10:12  Pylon  
  163  10:16  High Templar  
  165  10:22  Photon Cannon, Archon  
  165  10:24  Archon  
  165  10:26  Pylon  
  165  10:27  Pylon  
  171  10:33  High Templar x2  
  175  10:40  Gateway, Archon  
  175  10:41  Gateway, Pylon  
  175  10:44  Pylon  
  175  10:45  High Templar  
  175  10:46  High Templar  
  179  10:51  Archon  
  179  10:59  Zealot x7  
  179  11:00  Zealot x3  
  199  11:04  Photon Cannon  
  199  11:05  Photon Cannon  
  199  11:07  Photon Cannon  
  199  11:08  Pylon  
  195  11:22  High Templar x5  
  195  11:23  High Templar  
  199  11:26  Archon x2  
  199  11:27  Archon  
  199  11:32  Photon Cannon  
  199  11:34  Photon Cannon  
  195  11:42  Photon Cannon  
  195  11:48  High Templar x2  
  178  11:55  Archon  
  178  12:01  High Templar x3, Immortal (Chrono Boost)  
  174  12:02  High Templar, Zealot x9  
  174  12:07  Archon  
  200  12:09  Archon  
  158  12:23  Zealot x9  
  158  12:24  Zealot x3  
  172  12:36  Zealot x3  
  172  12:37  Zealot  
Show
View Real Time Build Order
Export as new Build Order

MaNa Protoss 

Build Orders: Zealot Archon 

Get SALT Encoding   

  12  0:00  Probe (Chrono Boost)  
  13  0:11  Probe (Chrono Boost)  
  14  0:18  Pylon  
  14  0:21  Probe (Chrono Boost)  
  15  0:36  Probe (Chrono Boost)  
  15  0:37  Gateway  
  16  0:47  Probe (Chrono Boost)  
  16  0:48  Assimilator  
  17  0:57  Probe (Chrono Boost)  
  17  0:59  Assimilator  
  17  1:03  Gateway  
  18  1:08  Probe (Chrono Boost)  
  19  1:18  Probe (Chrono Boost)  
  19  1:24  Cybernetics Core  
  20  1:29  Probe (Chrono Boost)  
  21  1:33  Pylon  
  22  1:40  Probe (Chrono Boost)  
  22  1:50  Probe (Chrono Boost)  
  25  2:01  Mothership Core (Chrono Boost)  
  25  2:02  Stalker  
  25  2:03  Warp Gate (Chrono Boost)  
  29  2:14  Pylon  
  27  2:35  Nexus  
  27  2:39  Probe  
  28  2:46  Stalker (Chrono Boost)  
  30  2:51  Probe  
  30  2:58  Stalker (Chrono Boost)  
  32  3:04  Probe  
  33  3:12  Twilight Council  
  33  3:16  Probe  
  34  3:21  Stalker  
  36  3:28  Probe  
  37  3:36  Robotics Facility  
  37  3:40  Probe  
  38  3:45  Probe  
  39  3:48  Pylon  
  39  3:52  Probe  
  40  3:57  Probe  
  40  4:02  Sentry, Blink  
  43  4:03  Sentry  
  43  4:04  Probe  
  43  4:08  Probe  
  47  4:16  Probe  
  48  4:18  Probe  
  50  4:24  Observer (Chrono Boost)  
  50  4:28  Probe  
  50  4:30  Probe  
  52  4:32  Forge  
  52  4:40  Probe  
  52  4:42  Probe  
  52  4:45  Immortal (Chrono Boost)  
  58  4:48  Pylon  
  58  4:52  Probe  
  58  4:54  Probe  
  60  5:05  Protoss Ground Weapons Level 1 (Chrono Boost)  
  60  5:06  Probe x2  
  62  5:15  Nexus, Pylon  
  62  5:22  Immortal (Chrono Boost)  
  62  5:24  Probe x2  
  68  5:28  Pylon  
  68  5:34  Assimilator  
  68  5:35  Assimilator  
  68  5:37  Probe x2 (Chrono Boost)  
  72  5:50  Probe x2 (Chrono Boost)  
  72  5:51  Forge  
  72  5:59  Probe (Chrono Boost)  
  72  6:00  Probe  
  74  6:05  Gateway  
  74  6:06  Gateway  
  74  6:09  Probe  
  74  6:10  Gateway  
  75  6:12  Probe  
  75  6:14  Charge  
  76  6:18  Assimilator  
  76  6:21  Probe  
  76  6:23  Assimilator  
  76  6:24  Probe  
  76  6:25  Protoss Ground Armor Level 1 (Chrono Boost)  
  78  6:28  Probe, Templar Archives  
  79  6:33  Probe  
  79  6:36  Probe  
  79  6:38  Gateway  
  79  6:39  Probe  
  81  6:45  Probe  
  83  6:48  Gateway  
  83  6:50  Photon Cannon  
  83  6:55  Pylon  
  83  6:56  Probe, Protoss Ground Weapons Level 2 (Chrono Boost)  
  83  6:57  Probe x2  
  86  7:08  Probe x2, High Templar x2  
  87  7:09  Probe  
  87  7:13  Warp Prism  
  87  7:14  Pylon  
  95  7:17  High Templar x2  
  95  7:18  Probe, Archon  
  95  7:20  Probe  
  101  7:29  Nexus  
  101  7:35  High Templar x2, Archon  
  101  7:36  Probe, Pylon  
  105  7:38  Probe x2  
  105  7:42  Pylon  
  108  7:48  Photon Cannon  
  108  7:49  High Templar  
  110  7:57  High Templar x2, Zealot  
  110  7:58  Zealot  
  118  7:59  Pylon  
  118  8:00  Pylon  
  118  8:02  Pylon  
  118  8:04  Archon x2  
  118  8:07  High Templar  
  118  8:10  Assimilator  
  120  8:14  Assimilator  
  120  8:20  Gateway x2  
  120  8:21  Probe, Gateway  
  120  8:22  Gateway  
  120  8:23  Probe x2  
  120  8:25  High Templar  
  120  8:26  High Templar  
  127  8:29  Archon x2  
  127  8:35  Probe  
  127  8:36  Protoss Shields Level 1 (Chrono Boost)  
  128  8:43  Zealot x4  
  128  8:44  Pylon  
  136  8:56  Stargate  
  136  8:57  Protoss Ground Weapons Level 3 (Chrono Boost)  
  136  8:58  Photon Cannon  
  136  9:00  Photon Cannon  
  136  9:03  Gateway  
  136  9:12  High Templar  
  136  9:13  High Templar  
  136  9:16  Photon Cannon  
  140  9:18  Archon  
  140  9:20  Probe  
  140  9:22  Probe x2  
  143  9:29  High Templar x2  
  143  9:30  Zealot x4  
  155  9:32  Nexus  
  155  9:35  Archon  
  155  9:42  Zealot x3  
  160  9:46  Observer  
  155  10:06  High Templar x4  
  163  10:07  Observer  
  163  10:11  Photon Cannon, Zealot x4  
  163  10:14  Mothership Core  
  172  10:18  Nexus  
  172  10:19  Archon x2  
  172  10:20  Pylon  
  172  10:35  Pylon  
  172  10:36  Protoss Shields Level 2 (Chrono Boost)  
  172  10:37  Oracle, Pylon  
  172  10:39  Pylon  
  172  10:42  High Templar x2  
  179  10:44  Photon Cannon  
  179  10:46  Photon Cannon, Archon  
  179  10:56  High Templar x2  
  183  11:00  Archon  
  182  11:12  High Templar x2, Zealot x5  
  182  11:14  Zealot x2  
  182  11:16  Archon  
  200  11:21  Assimilator  
  200  11:23  Assimilator  
  200  11:27  Photon Cannon  
  200  11:29  Photon Cannon  
  177  11:55  Zealot x7  
  177  11:56  Zealot x2  
  177  12:00  Probe  
  187  12:02  Probe x2  
  188  12:18  High Templar x8  
  188  12:19  High Templar, Zealot x2  
  175  12:23  Archon x3  
  175  12:24  Archon  
Tags
 
Add a new tag
Caveats
  • Supply blocks, unpowered buildings, or Contaminate may cause inaccurate times.
  • Supply counts are checked every 10 seconds.